Map: Daybreak LE (Void)

Players

IIIIIIIIIIII

  • Race: Zerg Zerg
  • League: Diamond
  • Spawn Location: 1:00

Musumeci - Winner!

  • Race: Zerg Zerg
  • League: Diamond
  • Spawn Location: 7:00

VOD

Have the link to the VOD?

Description

Time

  • Played on: Jan. 9, 2017, 12:51 p.m.
  • Length: 7:44
Show
View Real Time Build Order
Export as new Build Order

IIIIIIIIIIII Zerg 

Build Orders: Pool First, Zergling Baneling 

Get SALT Encoding   

  12  0:01  Drone  
  13  0:13  Overlord  
  13  0:20  Drone  
  14  0:24  Drone, Extractor  
  15  0:32  Drone  
  16  0:37  Drone  
  16  0:41  Extractor  
  16  0:48  Drone  
  17  0:53  Spawning Pool  
  16  0:59  Drone  
  17  1:21  Hatchery  
  16  1:27  Drone  
  17  1:40  Queen  
  17  1:43  Metabolic Boost  
  19  1:50  Drone  
  20  1:54  Overlord  
  20  2:00  Zergling x2  
  21  2:03  Zergling x2  
  22  2:14  Zergling x2  
  23  2:18  Queen  
  25  2:25  Baneling Nest  
  25  2:29  Zergling x2  
  25  2:34  Zergling x4  
  28  2:44  Zergling x2  
  28  2:47  Zergling x2  
  29  2:53  Zergling x6  
  32  3:00  Zergling x4  
  34  3:06  Overlord  
  34  3:12  Baneling x4  
  34  3:13  Baneling  
  34  3:16  Zergling x2  
  35  3:22  Zergling x2  
  36  3:30  Zergling x6  
  38  3:38  Baneling  
  38  3:39  Baneling  
  30  3:43  Zergling x4  
  30  3:44  Zergling x2  
  33  3:50  Zergling x2  
  33  3:59  Zergling x4  
  34  4:02  Zergling x2  
  34  4:09  Zergling x4  
  33  4:13  Baneling  
  33  4:14  Zergling x2  
  34  4:20  Zergling x4  
  35  4:34  Zergling x8  
  37  4:39  Baneling x2  
  37  4:40  Baneling x2  
  37  4:44  Zergling x2  
  38  4:49  Drone  
  39  4:55  Drone x2  
  39  4:58  Zergling x2  
  42  5:10  Drone x3  
  41  5:21  Zergling x6  
  41  5:24  Overlord  
  43  5:43  Drone x2  
  43  5:44  Drone x5  
  50  5:54  Zergling x2  
  50  6:10  Baneling  
  49  6:15  Zergling x6  
  49  6:21  Zergling x4  
  49  6:23  Overlord  
  51  6:30  Zergling x2  
  51  6:34  Baneling x5  
  51  6:39  Baneling x2  
  46  6:54  Zergling x4  
  46  6:55  Zergling x10  
  46  6:58  Overlord  
  46  7:00  Drone x3  
  50  7:07  Zergling x4  
  50  7:08  Zergling x2  
  49  7:13  Zergling x10  
  49  7:14  Baneling x3  
  53  7:22  Zergling x4  
Show
View Real Time Build Order
Export as new Build Order

Musumeci Zerg - Winner!

Build Orders: Pool First, Zergling Baneling 

Get SALT Encoding   

  12  0:01  Drone  
  13  0:08  Drone  
  14  0:15  Drone, Extractor  
  15  0:24  Overlord  
  15  0:43  Drone x2  
  15  0:44  Drone  
  18  0:51  Extractor  
  18  0:53  Spawning Pool  
  16  1:20  Hatchery  
  16  1:23  Drone  
  16  1:27  Drone  
  17  1:33  Drone  
  17  1:37  Drone  
  19  1:50  Metabolic Boost  
  19  1:56  Queen  
  19  2:00  Zergling x2  
  22  2:20  Overlord  
  22  2:26  Baneling Nest  
  21  2:32  Queen  
  23  2:41  Zergling x6  
  26  2:46  Queen  
  28  2:58  Drone x3  
  31  3:00  Drone  
  32  3:10  Baneling  
  32  3:11  Baneling x2  
  28  3:37  Zergling x14  
  27  3:47  Zergling x2  
  27  3:48  Zergling x4  
  27  4:05  Zergling x10  
  27  4:08  Baneling  
  27  4:09  Baneling x2  
  32  4:15  Baneling x3  
  32  4:43  Drone x3  
  32  4:45  Evolution Chamber, Zergling x2  
  34  5:07  Queen  
  36  5:22  Zerg Ground Armor Level 1  
  36  5:25  Overlord  
  36  5:26  Overlord  
  36  5:43  Zergling x2  
  36  5:44  Zergling x14  
  36  5:45  Baneling x2  
  34  6:33  Baneling x4  
  34  6:36  Zergling x24  
  46  6:45  Baneling x9  
  45  6:58  Zergling x4  
  45  6:59  Zergling x4  
  45  7:13  Zergling x4  
Tags
 
Add a new tag
Caveats
  • Supply blocks, unpowered buildings, or Contaminate may cause inaccurate times.
  • Supply counts are checked every 10 seconds.